 Dungeon Crawl Stone Soup version 0.29-a0-330-g52719c12eb (webtiles) character file.

Game seed: 14912234761557514664

2417 Ajdolov the Archer (level 9, -2/49 HPs)
             Began as a Vine Stalker Hunter on May 7, 2022.
             Was an Initiate of Hepliaklqana.
             Slain by a yak (10 damage)
             ... on level 7 of the Dungeon.
             The game lasted 00:10:02 (6084 turns).

Ajdolov the Archer (Vine Stalker Hunter)            Turns: 6084, Time: 00:10:02

Health: -2/49      AC:  6    Str: 13    XL:     9   Next: 47%
Magic:  0/10       EV: 12    Int:  9    God:    Hepliaklqana [......]
Gold:   403        SH:  0    Dex: 31    Spells: 8/8 levels left

rFire   . . .      SeeInvis .   a - +1 shortbow
rCold   . . .      Faith    .   (shield currently unavailable)
rNeg    . . .      Spirit   +   b - +0 leather armour
rPois   .          Reflect  .   h - +0 helmet
rElec   .          Harm     .   (no cloak)
rCorr   .          Rampage  .   y - +0 pair of gloves
Will    +....                   g - +0 pair of boots
Stlth   +++.......              k - amulet "Dachuep" {RegenMP Dex+2}
HPRegen 0.96/turn               l - +6 ring of dexterity
MPRegen 0.52/turn               (no ring)

@: no status effects
A: fangs 3, regeneration 1, magic shield, antimagic bite, no potion heal 2
a: Renounce Religion


You were on level 7 of the Dungeon.
You worshipped Hepliaklqana.
Hepliaklqana was noncommittal.
You visited 2 branches of the dungeon, and saw 9 of its levels.

You collected 403 gold pieces.

Inventory:

Hand Weapons
 a - a +1 shortbow (weapon)
Armour
 b - a +0 leather armour (worn)
 g - a +0 pair of boots (worn)
 h - a +0 helmet (worn)
 y - a +0 pair of gloves (worn)
Jewellery
 k - the amulet "Dachuep" (around neck) {RegenMP Dex+2}
   (You found it on level 3 of the Dungeon)

   [amulet of magic regeneration]

   It increases your rate of magic regeneration.
   Dex:       It affects your dexterity (+2).
 l - a +6 ring of dexterity (left hand)
 t - an amulet of the acrobat
Wands
 r - a wand of polymorph (6)
 u - a wand of digging (3)
 z - a wand of flame (31)
Scrolls
 c - 7 scrolls of immolation
 f - 9 scrolls of identify {unknown}
 o - a scroll of vulnerability {unknown}
 p - 3 scrolls of fear {unknown}
 s - a scroll of acquirement {unknown}
 v - a scroll of magic mapping {unknown}
 w - a scroll of enchant weapon {unknown}
 x - a scroll of fog {unknown}
 B - a scroll of noise {unknown}
Potions
 d - 3 potions of lignification {unknown}
 e - 2 potions of curing
 i - a potion of magic {unknown}
 j - a potion of heal wounds {unknown}
 m - a potion of mutation {unknown}
 n - a potion of degeneration {unknown}
 q - 2 potions of flight {unknown}
 A - a potion of cancellation {unknown}


   Skills:
 + Level 6.7 Fighting
 * Level 10.1 Bows
 - Level 1.5 Dodging
 - Level 1.2 Stealth


You had 8 spell levels left.
You didn't know any spells.
Your spell library contained the following spells:

 Spells                   Type           Power      Damage    Failure   Level
 Beastly Appendage        Tmut           0%         N/A       45%         1
 Corpse Rot               Necr/Air       0%         N/A       61%         2
 Wereblood                Tmut           0%         N/A       61%         2
 Gell's Gravitas          Tloc           0%         N/A       83%         3
 Portal Projectile        Hex/Tloc       0%         N/A       83%         3
 Spider Form              Tmut/Pois      0%         N/A       83%         3
 Teleport Other           Tloc           0%         N/A       83%         3
 Dispel Undead            Necr           0%         3d6       99%         4
 Blade Hands              Tmut           0%         N/A       100%        5
 Excruciating Wounds      Necr           0%         N/A       100%        5
 Death Channel            Necr           0%         N/A       100%        6
 Dispersal                Tloc           0%         N/A       100%        6


Dungeon Overview and Level Annotations

Branches:
Dungeon (8/15)             Temple (1/1) D:5
   Lair: D:8-11

Altars:
Ashenzari
Cheibriados
Dithmenos
Elyvilon
Fedhas
Gozag
Hepliaklqana
Makhleb
Nemelex Xobeh
Okawaru
Qazlal
Ru
Sif Muna
Trog
Vehumet
Wu Jian
Xom
Yredelemnul
Zin

Shops:
D:6 *

Annotations:
D:4 1 runed translucent door, Crazy Yiuf
D:7 Joseph


Innate Abilities, Weirdness & Mutations

You have razor-sharp teeth.
Your natural rate of healing is unusually fast.
When hurt, damage is shared between your health and your magic reserves.
Your bite disrupts and absorbs the magic of your enemies.
Potions cannot restore your health.


Message History

You shoot an arrow. The arrow hits the yak.
The yak is almost dead.
The yak gores you! The yak gores you but does no damage.
You shoot an arrow. The arrow barely misses the yak.
The yak gores you! The yak barely misses you.
You shoot an arrow.
The arrow hits the yak but does no damage.
The yak is almost dead.
The yak gores you but does no damage. The yak gores you.
You shoot an arrow. The arrow hits the yak!
You kill the yak!
The yak gores you.
You shoot an arrow. The arrow hits the yak.
The yak is moderately wounded.
The yak closely misses you.
You shoot an arrow. The arrow barely misses the yak.
The yak gores you!
You are too injured to fight recklessly!
You are too injured to fight recklessly!
You are too injured to fight recklessly!
Shoot: a) +1 shortbow
Press: ? - help, Q - select action, (/) - cycle Shift-Dir - straight line, f/p - yak
Aim: a yak (moderately wounded, 81% to hit)
You shoot an arrow. The arrow closely misses the yak.
The yak gores you.
Unknown command.
Shoot: a) +1 shortbow
Press: ? - help, Q - select action, (/) - cycle Shift-Dir - straight line, f/p - yak
Aim: a yak (moderately wounded, 81% to hit)
You shoot an arrow. The arrow hits the yak!
The yak is heavily wounded.
The yak gores you!
* * * LOW HITPOINT WARNING * * *
Shoot: a) +1 shortbow
Press: ? - help, Q - select action, (/) - cycle Shift-Dir - straight line, f/p - yak
Aim: a yak (heavily wounded, 81% to hit)
You shoot an arrow.
The arrow hits the yak but does no damage.
The yak is heavily wounded.
The yak gores you!
You die...

........# #...#[##############.#
#.......# #._.......[...........
#.......####...#.################
#...............>#
#.......######.#.# ######'##
#.#.# #.# #...# #.# ##Y.# #.#
#.@# #@# #### #.# #.# #.# #.# #.#
######.# @......#


You could see a yak.

Vanquished Creatures
  Eustachio (D:4)
  A yak (D:7)
  A water moccasin (D:6)
  3 ice beasts
  A black bear (D:5)
  A sky beast (D:5)
  An ogre (D:5)
  A centaur (D:5)
  A phantom (D:3)
  3 bullfrogs (D:7)
  Blork the orc (D:6)
  A scorpion (D:2)
  3 necrophages (D:4)
  A centaur zombie (D:4)
  5 hounds
  4 jellies
  A gnoll shaman (D:5)
  Ijyb (D:4)
  2 iguanas
  4 orc wizards
  2 hound zombies (D:4)
  A howler monkey zombie (D:4)
  9 gnolls (D:5)
  5 adders
  A shadow imp (D:7)
  An ufetubus (D:6)
  An adder zombie (D:4)
  4 worms
  A dart slug (D:1)
  6 orcs
  10 bats
  7 endoplasms
  5 giant cockroaches
  8 goblins
  2 hobgoblins
  10 jackals
  12 quokkas
  8 ball pythons
  4 frilled lizards
  8 kobolds
  A rat (D:1)
143 creatures vanquished.

Notes
Turn   | Place    | Note
-------+----------+-------------------------------------------
     0 | D:1      | Ajdolov the Vine Stalker Hunter began the quest for the
                  | Orb.
     0 | D:1      | Reached XP level 1. HP: 11/11 MP: 2/2
    56 | D:1      | Reached XP level 2. HP: 2/15 MP: 1/3
   413 | D:1      | Reached skill level 4 in Bows
   567 | D:1      | Reached XP level 3. HP: 18/18 MP: 4/4
   964 | D:2      | Identified the +0 ring mail of Fuwaly Fuso {rElec rF+ rC+++
                  | Dex-4}
  1304 | D:2      | Gained mutation: Your natural rate of healing is unusually
                  | fast. [Vine Stalker growth]
  1304 | D:2      | Reached XP level 4. HP: 20/23 MP: 5/5
  1360 | D:2      | Found a blossoming altar of Fedhas.
  1599 | D:2      | Noticed a scorpion
  1912 | D:3      | Reached skill level 5 in Bows
  1934 | D:3      | Found a faded altar of an unknown god.
  1978 | D:3      | Identified the amulet "Dachuep" {RegenMP Dex+2}
  2093 | D:3      | Noticed a phantom
  2098 | D:3      | Killed a phantom
  2099 | D:3      | Reached XP level 5. HP: 28/28 MP: 6/6
  2340 | D:2      | Reached XP level 6. HP: 32/32 MP: 7/7
  2434 | D:4      | Reached skill level 6 in Bows
  2511 | D:4      | Found a blossoming altar of Fedhas.
  2540 | D:4      | Noticed Eustachio
  2565 | D:4      | Killed Eustachio
  2566 | D:4      | Reached XP level 7. HP: 26/37 MP: 8/8
  2876 | D:4      | Found a basalt altar of Yredelemnul.
  2883 | D:4      | Reached skill level 7 in Bows
  2904 | D:4      | Noticed Ijyb
  2915 | D:4      | Killed Ijyb
  2988 | D:4      | Found a runed translucent door.
  2989 | D:4      | Noticed Crazy Yiuf
  3101 | D:5      | Entered Level 5 of the Dungeon
  3226 | D:5      | Gained mutation: You have razor-sharp teeth. [Vine Stalker
                  | growth]
  3226 | D:5      | Reached XP level 8. HP: 21/42 MP: 9/9
  3287 | D:5      | Reached skill level 5 in Fighting
  3415 | D:5      | Reached skill level 8 in Bows
  3589 | D:5      | Noticed a two-headed ogre
  3696 | D:6      | Found a burning altar of Makhleb.
  3723 | D:6      | Found a shimmering blue altar of Sif Muna.
  3754 | D:6      | Noticed Blork the orc
  3757 | D:6      | Killed Blork the orc
  3784 | D:6      | Found Baweohav's Gadget Gallery.
  4640 | D:7      | Found a shimmering altar of Xom.
  4706 | D:7      | Reached skill level 9 in Bows
  4786 | D:7      | Found a sparkling altar of Nemelex Xobeh.
  4829 | D:7      | Noticed Joseph
  4857 | D:6      | Reached XP level 9. HP: 48/48 MP: 10/10
  5087 | D:7      | Found a white marble altar of Elyvilon.
  5314 | D:5      | Found a staircase to the Ecumenical Temple.
  5326 | Temple   | Entered the Ecumenical Temple
  5370 | Temple   | Became a worshipper of Hepliaklqana the Forgotten
  5563 | D:5      | You fall into a shaft and drop 1 floor!
  5716 | D:5      | Reached skill level 10 in Bows
  6084 | D:7      | Slain by a yak

Illustrated notes

Levels and vault maps discovered:
D:1:      beargit_arrival_greenhouse, layout_loops_ring, serial_bayou_pond_a
D:2:      layout_loops_cross, basic_altar
D:3:      layout_basic, shapermc_ecumenical_altar_starsandcircs
D:4:      layout_basic, fedhas_altar_2, nicolae_yredelemnul_corpse_copse,
          uniq_ijyb, uniq_eustachio, uniq_crazy_yiuf_cottage
D:5:      layout_loops_corners, minmay_temple_entry_slanted
D:6:      layout_basic, led_sif_book, bloody_makhleb, nicolae_shop_gadgets,
          uniq_blork_the_orc
D:7:      layout_basic, xom_butterflies, mainiacjoe_overflow_six_doors_small,
          elyvilon_altar_5, uniq_joseph
D:8:      layout_loops_corners, tso_metal_star,
          mainiacjoe_overflow_concentric_impassable
Temple:   minmay_temple_bridge_abc

Skill      XL: |  1  2  3  4  5  6  7  8  9 |
---------------+----------------------------+-----
Fighting       | 2 3 4 6 |  6.7
Bows           | 4 5 6 7 9 10 | 10.1
Dodging        | |  1.5
Stealth        | |  1.2

Action                   |  1- 3 |  4- 6 |  7- 9 || total
-------------------------+-------+-------+-------++-------
Melee: Unarmed           |       |       |    14 ||    14
 Fire: Shortbow          |    75 |   121 |   267 ||   463
Evoke: Wand              |       |       |     2 ||     2
  Use: Potion            |       |       |     2 ||     2
Armor: Leather armour    |     2 |    11 |    35 ||    48
       Skin              |       |       |     1 ||     1
Dodge: Dodged            |    19 |    40 |    73 ||   132

Table legend: (Time is in decaauts)
 A = Elapsed time spent in this place.
 B = Non-inter-level travel time spent in this place.
 C = Inter-level travel time spent in this place.
 D = Time resting spent in this place.
 E = Time spent auto-exploring this place.
 F = Levels seen in this place.
 G = Mean time per level.
                   A        B        C        D        E       F      G
               +--------+--------+--------+--------+--------+-----+--------+
         Total |   6180 |   5638 |    542 |    291 |   4022 |   9 |  686.7 |
       Dungeon |   6112 |   5592 |    520 |    291 |   3997 |   8 |  764.0 |
        Temple |     67 |     45 |     22 |      0 |     25 |   1 |   67.0 |
               +--------+--------+--------+--------+--------+-----+--------+

Top non-repeatable levels by time:
     D:6: 1174 daAuts
     D:5: 1101 daAuts
     D:1: 976 daAuts
     D:2: 950 daAuts
     D:4: 707 daAuts
     D:7: 650 daAuts
     D:3: 530 daAuts
  Temple: 67 daAuts
     D:8: 20 daAuts
